 Dungeon Crawl Stone Soup version bcrawl-1.21.2-28-g2cb1824106 (webtiles) character file.

Game seed: 4936235802720635855

15 BeastOfSaturn the Caller (level 2, 0/16 HPs)
             Began as a Vine Stalker Summoner on Mar 12, 2020.
             Succumbed to an adder's poison
             ... on level 2 of the Dungeon.
             The game lasted 00:05:24 (798 turns).

BeastOfSaturn the Caller (Vine Stalker Summoner)     Turns: 798, Time: 00:05:24

Health: 0/16       AC:  2    Str: 10    XL:     2   Next: 50%
Magic:  2/6        EV: 12    Int: 15    God:
Gold:   67         SH:  0    Dex: 14    Spells: 2/5 levels left

rFire    . . .     SeeInvis .   j - +0 short sword
rCold    . . .     Gourm    .   (no shield)
rNeg     . . .     Faith    .   a - +0 robe
rPois    .         Spirit   .   (no helmet)
rElec    .         Reflect  .   k - scarf {stasis}
rCorr    .         Harm     .   (no gloves)
MR       .....                  (no boots)
Stlth    ++........             (no amulet)
HPRegen  0.45/turn              (no ring)
MPRegen  0.10/turn              (no ring)

@: lethally poisoned (0 -> -3)
A: fangs 2, regeneration 1, no potion heal 3, rot immunity, strong jaws
a: no special abilities


You were on level 2 of the Dungeon.
You were not hungry.

You visited 1 branch of the dungeon, and saw 2 of its levels.

You collected 67 gold pieces.

Inventory:

Hand Weapons
 j - a +0 short sword (weapon)
Armour
 a - a +0 robe (worn)
 k - a scarf of stasis (worn)
Scrolls
 b - a scroll of blinking {unknown}
 c - a scroll of summoning
 d - a scroll of immolation {unknown}
 f - 2 scrolls of remove curse {unknown}
 g - a scroll of magic mapping {unknown}
 h - a scroll of fear {unknown}
 i - a scroll of teleportation {unknown}
Potions
 l - a potion of flight {unknown}
Comestibles
 e - 2 rations {!d}


   Skills:
 * Level 0.3 Fighting
 - Level 2.0 Dodging
 - Level 3.0 Stealth
 - Level 2.1 Spellcasting
 * Level 4.5 Summonings


You had 2 spell levels left.
You knew the following spells:

 Your Spells              Type           Power        Failure   Level  Hunger
a - Summon Small Mammal   Summ           ###.         3%          1    #......
b - Call Imp              Summ           ###...       4%          2    ###....

Your spell library contained the following spells:

 Spells                   Type           Power        Failure   Level  Hunger
 Call Canine Familiar     Summ           ###.....     10%         3    ###....
 Summon Ice Beast         Ice/Summ       #.......     65%         4    #####..
 Summon Lightning Spire   Summ/Air       #.......     94%         5    ######.


Dungeon Overview and Level Annotations

Branches:
Dungeon (2/12)

Altars:


Innate Abilities, Weirdness & Mutations

You have extremely sharp teeth.
Your natural rate of healing is unusually fast.
Potions cannot restore your health.
You are immune to rotting.
Your bites deal extra damage.


Message History

* * * LOW HITPOINT WARNING * * *
You are more poisoned.
The adder poisons you!
Your crimson imp blinks!
Something barely misses your crimson imp.
Something hits your crimson imp. The adder completely misses you.
You feel sick.
Your crimson imp blinks!
Your crimson imp hits the goblin.
You feel sick.
Something hits your crimson imp but does no damage.
You feel sick. The adder bites you but does no damage.
Your crimson imp blinks!
You feel sick.
You feel sick. The adder bites you.
* * * LOW HITPOINT WARNING * * *
You are more poisoned.
The adder poisons you!
You swap places.
You die...

##.......## ###
##.....## ..#
##...#..... ### #.#
##†##.#### #.. #.# #.#
.# #.# #.#######.# .#
#.# #....##...##.#
#.###.###..........#
#......S5@...........#
#####5###5.........#....
#.####...##..<######
#...5....###....
######...# ##.### #####
#.# .#


You could see an adder and 3 friendly crimson imps.

Vanquished Creatures
  A bat (D:1)
  2 goblins (D:1)
  A hobgoblin (D:1)
  A quokka (D:1)
  A frilled lizard (D:2)
  4 kobolds (D:1)
10 creatures vanquished.

Vanquished Creatures (collateral kills)
  A worm (D:2)
  2 goblins (D:1)
  A hobgoblin (D:1)
4 creatures vanquished.

Grand Total: 14 creatures vanquished

Notes
Turn   | Place    | Note
-------+----------+-------------------------------------------
     0 | D:1      | BeastOfSaturn the Vine Stalker Summoner began the quest for
                  | the Orb.
     0 | D:1      | Reached XP level 1. HP: 10/10 MP: 4/4
   255 | D:1      | Reached XP level 2. HP: 6/15 MP: 4/6
   260 | D:1      | Learned a level 2 spell: Call Imp
   798 | D:2      | Succumbed to an adder's poison

Action                   || total
-------------------------++-------
Melee: Unarmed           ||    20
       Bite              ||     2
       Short sword       ||    27
 Cast: Summon Small Mamm ||     9
       Call Imp          ||     9
 Stab: Distracted        ||     1
       Sleeping          ||     1
Armor: Robe              ||    16
Dodge: Dodged            ||    43
